TOP OF THE 1ST |
Madawaska Valley HS Wolves batting - Pitching for Broken Arrow HS : RHP Leonard Fitzpatrick
|
Pitching: RHP Leonard Fitzpatrick
|
|
Batting: RHB Adam Carpenter
|
0-0: Called Strike 0-1: Ball 1-1: Ball 2-1: Ball 3-1: Base on Balls
|
Batting: RHB Enrique Navarro
|
0-0: Hit by Pitch Adam Carpenter to second
|
Batting: LHB Bob Campbell
|
0-0: Ball 1-0: Ball 2-0: TRIPLE (Line Drive, 3D) Adam Carpenter scores Enrique Navarro scores
|
Batting: SHB Artie Adams
|
0-0: Called Strike 0-1: Called Strike 0-2: Ball 1-2: Strikes out looking
|
Batting: SHB Gordon Beatty
|
0-0: Called Strike 0-1: Ball 1-1: Ball 2-1: Fly out, F8 (Flyball, 8LM) Runner from 3rd tags up, SCORES, no throw
|
Batting: RHB Brandon Little
|
0-0: Ball 1-0: Foul Ball, location: 2F 1-1: Swinging Strike 1-2: Strikes out swinging
|
Top of the 1st over - 3 run(s), 1 hit(s), 0 error(s), 0 left on base; Madawaska Valley HS 3 - Broken Arrow HS 0 |
BOTTOM OF THE 1ST |
Broken Arrow HS batting - Pitching for Madawaska Valley HS Wolves : LHP David Pérez
|
Pitching: LHP David Pérez
|
|
Batting: LHB José Esparza
|
0-0: Called Strike 0-1: Ball 1-1: Ball 2-1: Ball 3-1: Swinging Strike 3-2: Foul Ball, location: 2F 3-2: Strikes out looking
|
Batting: RHB Jon Bush
|
0-0: Foul Ball, location: 2F 0-1: Foul Ball, location: 2F 0-2: Ball 1-2: Ball 2-2: SINGLE (Line Drive, 89S)
|
Batting: LHB Brian Lawson
|
0-0: Ball 1-0: Called Strike 1-1: Ball 2-1: SINGLE (Groundball, 6) (infield hit) Jon Bush to second
|
Batting: RHB Steve Boyer
|
0-0: 3-RUN HOME RUN (Flyball, 78XD), Distance : 431 ft
|
Batting: LHB Jesús Zamora
|
0-0: Foul Ball, location: 2F 0-1: Ball 1-1: Ball 2-1: Swinging Strike 2-2: Ball 3-2: Base on Balls
|
Batting: RHB David Adams
|
0-0: Ball 1-0: Ball 2-0: Called Strike 2-1: Foul Ball, location: 2F 2-2: Reached on error, E3 (Groundball, 34) Jesús Zamora to second
|
Batting: RHB Ramón Santos
|
0-0: Ball 1-0: Fly out, F8 (Flyball, 8RS)
|
Batting: RHB R.J. Tucker
|
0-0: Reached on error, E5 (Groundball, 56) Jesús Zamora to third David Adams to second
|
Batting: LHB Dennis Montgomery
|
0-0: Ball 1-0: Ball 2-0: Called Strike 2-1: Ball 3-1: Called Strike 3-2: Fly out, F8 (Line Drive, 8LS)
|
Bottom of the 1st over - 3 run(s), 3 hit(s), 2 error(s), 3 left on base; Madawaska Valley HS 3 - Broken Arrow HS 3 |
TOP OF THE 2ND |
Madawaska Valley HS Wolves batting - Pitching for Broken Arrow HS : RHP Leonard Fitzpatrick
|
Batting: RHB Leo Snyder
|
0-0: Ball 1-0: Fly out, F6 (Popup, 6MD)
|
Batting: RHB Bob Colbert
|
0-0: Swinging Strike 0-1: Foul Ball, location: 2F 0-2: Ball 1-2: Ball 2-2: Strikes out looking
|
Batting: RHB Weldon Lott
|
0-0: Ball 1-0: Fly out, F8 (Line Drive, 8LXD)
|
Top of the 2nd over - 0 run(s), 0 hit(s), 0 error(s), 0 left on base; Madawaska Valley HS 3 - Broken Arrow HS 3 |
BOTTOM OF THE 2ND |
Broken Arrow HS batting - Pitching for Madawaska Valley HS Wolves : LHP David Pérez
|
Batting: LHB José Esparza
|
0-0: Called Strike 0-1: Ground out 3-1 (Groundball, 34S)
|
Batting: RHB Jon Bush
|
0-0: Ball 1-0: SINGLE (Line Drive, 4D)
|
Batting: LHB Brian Lawson
|
0-0: Ball 1-0: Ball 2-0: Ball Passed Ball! Jon Bush to second 3-0: Base on Balls
|
Batting: RHB Steve Boyer
|
0-0: Ball 1-0: Called Strike 1-1: Swinging Strike 1-2: Ball 2-2: Foul Ball, location: 2F 2-2: SINGLE (Flyball, 7S) Jon Bush to third Brian Lawson to second Runner from 3rd tries for Home, SAFE, no throw
|
Batting: LHB Jesús Zamora
|
0-0: Ball 1-0: Ball 2-0: Ball 3-0: Called Strike 3-1: Fly out, F9 (Flyball, 89M)
|
Batting: RHB David Adams
|
0-0: Foul Ball, location: 2F 0-1: Fly out, F9 (Flyball, 9)
|
Bottom of the 2nd over - 1 run(s), 2 hit(s), 0 error(s), 2 left on base; Madawaska Valley HS 3 - Broken Arrow HS 4 |
TOP OF THE 3RD |
Madawaska Valley HS Wolves batting - Pitching for Broken Arrow HS : RHP Leonard Fitzpatrick
|
Batting: RHB Adam Carpenter
|
0-0: Fly out, F9 (Flyball, 9LS)
|
Batting: RHB Enrique Navarro
|
0-0: Ball 1-0: Called Strike 1-1: Foul Ball, location: 2F 1-2: Strikes out swinging
|
Batting: LHB Bob Campbell
|
0-0: Called Strike 0-1: Fly out, F8 (Flyball, 8RM)
|
Top of the 3rd over - 0 run(s), 0 hit(s), 0 error(s), 0 left on base; Madawaska Valley HS 3 - Broken Arrow HS 4 |
BOTTOM OF THE 3RD |
Broken Arrow HS batting - Pitching for Madawaska Valley HS Wolves : LHP David Pérez
|
Batting: RHB Ramón Santos
|
0-0: Ball 1-0: Swinging Strike 1-1: Ball 2-1: Ball 3-1: Base on Balls
|
Batting: RHB R.J. Tucker
|
0-0: Ball 1-0: Swinging Strike 1-1: Ball 2-1: Ball 3-1: Reached on error, E7 (Flyball, 7S) Ramón Santos to second
|
Batting: LHB Dennis Montgomery
|
0-0: Ball 1-0: Ball 2-0: Called Strike 2-1: Ball 3-1: Base on Balls Ramón Santos to third R.J. Tucker to second
|
Batting: LHB José Esparza
|
0-0: Called Strike 0-1: Ball 1-1: Ground out 3-1 (Groundball, 34S) Ramón Santos scores R.J. Tucker to third Dennis Montgomery to second
|
Batting: RHB Jon Bush
|
0-0: Called Strike 0-1: Ground out 4-3 (Groundball, 4) R.J. Tucker scores Dennis Montgomery to third
|
Batting: LHB Brian Lawson
|
0-0: Called Strike 0-1: Fly out, F7 (Flyball, 7)
|
Bottom of the 3rd over - 2 run(s), 0 hit(s), 1 error(s), 1 left on base; Madawaska Valley HS 3 - Broken Arrow HS 6 |
TOP OF THE 4TH |
Madawaska Valley HS Wolves batting - Pitching for Broken Arrow HS : RHP Leonard Fitzpatrick
|
Batting: SHB Artie Adams
|
0-0: Ball 1-0: Foul Ball, location: 2F 1-1: Ball 2-1: Reached on error, E3 (Groundball, 34)
|
Batting: SHB Gordon Beatty
|
0-0: Swinging Strike 0-1: Called Strike 0-2: Ball 1-2: Ball 2-2: Strikes out swinging
|
Batting: RHB Brandon Little
|
0-0: Ball Artie Adams steals 2nd base 1-0: Ball 2-0: Called Strike 2-1: Ball 3-1: DOUBLE (Flyball, 9) Artie Adams scores
|
Batting: RHB Leo Snyder
|
0-0: Ball 1-0: Swinging Strike 1-1: 2-RUN HOME RUN (Flyball, 7LD), Distance : 365 ft
|
Batting: RHB Bob Colbert
|
0-0: Swinging Strike 0-1: Ball 1-1: Foul Ball, location: 2F 1-2: Strikes out swinging
|
Batting: RHB Weldon Lott
|
0-0: Ground out 5-3 (Groundball, 56)
|
Top of the 4th over - 3 run(s), 2 hit(s), 1 error(s), 0 left on base; Madawaska Valley HS 6 - Broken Arrow HS 6 |
BOTTOM OF THE 4TH |
Broken Arrow HS batting - Pitching for Madawaska Valley HS Wolves : LHP David Pérez
|
Pitching: RHP Terry Gray
|
|
Batting: RHB Steve Boyer
|
0-0: Ball 1-0: Ball 2-0: Ball 3-0: Base on Balls
|
Batting: LHB Jesús Zamora
|
0-0: Fly out, F8 (Line Drive, 8RM)
|
Batting: RHB David Adams
|
0-0: Called Strike 0-1: Fly out, F9 (Flyball, 9LSF)
|
Batting: RHB Ramón Santos
|
0-0: Called Strike 0-1: Called Strike 0-2: Foul Ball, location: 2F 0-2: Strikes out swinging
|
Bottom of the 4th over - 0 run(s), 0 hit(s), 0 error(s), 1 left on base; Madawaska Valley HS 6 - Broken Arrow HS 6 |
TOP OF THE 5TH |
Madawaska Valley HS Wolves batting - Pitching for Broken Arrow HS : RHP Leonard Fitzpatrick
|
Pitching: RHP James Harmon
|
|
Batting: RHB Adam Carpenter
|
0-0: Foul Ball, location: 2F 0-1: Foul Ball, location: 2F 0-2: Ball 1-2: Ball 2-2: Ball 3-2: Base on Balls
|
Batting: RHB Enrique Navarro
|
0-0: Ball 1-0: Foul Ball, location: 2F 1-1: SINGLE (Groundball, 6MD) Adam Carpenter to second
|
Batting: LHB Bob Campbell
|
0-0: Ball 1-0: Foul Ball, location: 2F 1-1: Ball 2-1: SINGLE (Groundball, 56S) (infield hit) Adam Carpenter to third Enrique Navarro to second
|
Batting: SHB Artie Adams
|
0-0: Ball 1-0: Foul Ball, location: 2F 1-1: Ball 2-1: Called Strike 2-2: Ball 3-2: Base on Balls Adam Carpenter scores Enrique Navarro to third Bob Campbell to second
|
Batting: SHB Gordon Beatty
|
0-0: Ball 1-0: Ball 2-0: Foul Ball, location: 2F 2-1: Ball 3-1: Called Strike 3-2: Base on Balls Enrique Navarro scores Bob Campbell to third Artie Adams to second
|
Batting: RHB Brandon Little
|
0-0: Foul Ball, location: 2F 0-1: Ball 1-1: Ball 2-1: Ball 3-1: SINGLE (Groundball, 56D) Bob Campbell scores Artie Adams to third Gordon Beatty to second Runner from 3rd tries for Home, SAFE, throw made home
|
Pitching: RHP Donnie Davenport
|
|
Batting: RHB Leo Snyder
|
0-0: Grounds into double play, 6-4-3 (Groundball, 6) Gordon Beatty to third
|
Batting: RHB Bob Colbert
|
0-0: Swinging Strike 0-1: Ball 1-1: Foul Ball, location: 2F 1-2: Ball 2-2: Ball 3-2: Strikes out looking
|
Top of the 5th over - 4 run(s), 3 hit(s), 0 error(s), 1 left on base; Madawaska Valley HS 10 - Broken Arrow HS 6 |
BOTTOM OF THE 5TH |
Broken Arrow HS batting - Pitching for Madawaska Valley HS Wolves : RHP Terry Gray
|
Batting: RHB R.J. Tucker
|
0-0: Swinging Strike 0-1: Ball 1-1: Swinging Strike 1-2: Strikes out swinging
|
Batting: LHB Dennis Montgomery
|
0-0: Called Strike 0-1: Ball 1-1: Ball 2-1: Ground out 4-3 (Groundball, 4S)
|
Batting: LHB José Esparza
|
0-0: Fly out, F9 (Flyball, 89S)
|
Bottom of the 5th over - 0 run(s), 0 hit(s), 0 error(s), 0 left on base; Madawaska Valley HS 10 - Broken Arrow HS 6 |
TOP OF THE 6TH |
Madawaska Valley HS Wolves batting - Pitching for Broken Arrow HS : RHP Donnie Davenport
|
Batting: RHB Weldon Lott
|
0-0: Ball 1-0: Called Strike 1-1: Swinging Strike 1-2: Strikes out swinging
|
Batting: RHB Adam Carpenter
|
0-0: Ball 1-0: Swinging Strike 1-1: Swinging Strike 1-2: Strikes out swinging
|
Batting: RHB Enrique Navarro
|
0-0: Swinging Strike 0-1: Foul Ball, location: 2F 0-2: Ball 1-2: Strikes out swinging
|
Top of the 6th over - 0 run(s), 0 hit(s), 0 error(s), 0 left on base; Madawaska Valley HS 10 - Broken Arrow HS 6 |
BOTTOM OF THE 6TH |
Broken Arrow HS batting - Pitching for Madawaska Valley HS Wolves : RHP Terry Gray
|
Batting: RHB Jon Bush
|
0-0: Ball 1-0: Called Strike 1-1: Ground out 6-3 (Groundball, 6)
|
Batting: LHB Brian Lawson
|
0-0: Ball 1-0: Ball 2-0: Foul Ball, location: 2F 2-1: Called Strike 2-2: Ball 3-2: Foul Ball, location: 2F 3-2: Strikes out swinging
|
Batting: RHB Steve Boyer
|
0-0: Ball 1-0: Ball 2-0: Ball 3-0: Base on Balls
|
Batting: LHB Jesús Zamora
|
0-0: Ball 1-0: Ball 2-0: Called Strike 2-1: Foul Ball, location: 2F 2-2: Ball 3-2: Base on Balls Steve Boyer to second
|
Batting: RHB David Adams
|
0-0: Called Strike 0-1: Swinging Strike 0-2: Strikes out swinging
|
Bottom of the 6th over - 0 run(s), 0 hit(s), 0 error(s), 2 left on base; Madawaska Valley HS 10 - Broken Arrow HS 6 |
TOP OF THE 7TH |
Madawaska Valley HS Wolves batting - Pitching for Broken Arrow HS : RHP Donnie Davenport
|
Batting: LHB Bob Campbell
|
0-0: Foul Ball, location: 2F 0-1: DOUBLE (Line Drive, 78M)
|
Batting: SHB Artie Adams
|
0-0: Ball 1-0: Called Strike Throwing error on steal attempt, E2 Bob Campbell scores 1-1: Swinging Strike 1-2: Foul Ball, location: 2F 1-2: Strikes out swinging
|
Batting: SHB Gordon Beatty
|
0-0: Called Strike 0-1: Foul Ball, location: 2F 0-2: Strikes out swinging
|
Batting: RHB Brandon Little
|
0-0: Ball 1-0: Ball 2-0: Called Strike 2-1: Foul Ball, location: 2F 2-2: Strikes out swinging
|
Top of the 7th over - 1 run(s), 1 hit(s), 1 error(s), 0 left on base; Madawaska Valley HS 11 - Broken Arrow HS 6 |
BOTTOM OF THE 7TH |
Broken Arrow HS batting - Pitching for Madawaska Valley HS Wolves : RHP Terry Gray
|
Batting: RHB Ramón Santos
|
0-0: Called Strike 0-1: Swinging Strike 0-2: Foul Ball, location: 2F 0-2: Foul Ball, location: 2F 0-2: Foul Ball, location: 2F 0-2: Ball 1-2: Fly out, F8 (Line Drive, 8LM)
|
Batting: RHB R.J. Tucker
|
0-0: Called Strike 0-1: Called Strike 0-2: Ball 1-2: Strikes out swinging
|
Batting: LHB Dennis Montgomery
|
0-0: Ball 1-0: Ball 2-0: Ball 3-0: Foul Ball, location: 2F 3-1: Base on Balls
|
Pitching: RHP Jeremiah Harris
|
|
Batting: LHB José Esparza
|
0-0: Swinging Strike 0-1: Foul Ball, location: 2F 0-2: Ball 1-2: Strikes out looking
|
Bottom of the 7th over - 0 run(s), 0 hit(s), 0 error(s), 1 left on base; Madawaska Valley HS 11 - Broken Arrow HS 6 |
TOP OF THE 8TH |
Madawaska Valley HS Wolves batting - Pitching for Broken Arrow HS : RHP Donnie Davenport
|
Batting: RHB Leo Snyder
|
0-0: Ball 1-0: SINGLE (Flyball, 78S)
|
Batting: RHB Bob Colbert
|
0-0: Called Strike 0-1: Fielders Choice at 2nd, 5-4 (Groundball, 5)
|
Batting: RHB Weldon Lott
|
0-0: Ball 1-0: Called Strike 1-1: Ball 2-1: Fly out, F9 (Flyball, 9S)
|
Batting: RHB Adam Carpenter
|
0-0: Ball 1-0: Foul Ball, location: 2F 1-1: Ball 2-1: 2-RUN HOME RUN (Line Drive, 7D), Distance : 382 ft
|
Batting: RHB Enrique Navarro
|
0-0: Ball 1-0: SOLO HOME RUN (Flyball, 7D), Distance : 387 ft
|
Batting: LHB Bob Campbell
|
0-0: Called Strike 0-1: Ground out 6-3 (Groundball, 6)
|
Top of the 8th over - 3 run(s), 3 hit(s), 0 error(s), 0 left on base; Madawaska Valley HS 14 - Broken Arrow HS 6 |
BOTTOM OF THE 8TH |
Broken Arrow HS batting - Pitching for Madawaska Valley HS Wolves : RHP Jeremiah Harris
|
Batting: RHB Jon Bush
|
0-0: Ball 1-0: DOUBLE (Line Drive, 3D)
|
Batting: LHB Brian Lawson
|
0-0: Ball 1-0: Swinging Strike 1-1: Ball 2-1: Ball Wild Pitch! Jon Bush to third 3-1: Called Strike 3-2: Ground out 6-3 (Groundball, 6) Jon Bush scores
|
Batting: RHB Steve Boyer
|
0-0: Ball 1-0: Ball 2-0: Ball 3-0: Called Strike 3-1: Foul Ball, location: 2F 3-2: Ground out U3 (Groundball, 34)
|
Batting: LHB Jesús Zamora
|
0-0: Called Strike 0-1: Foul Ball, location: 2F 0-2: Ball 1-2: Strikes out swinging
|
Bottom of the 8th over - 1 run(s), 1 hit(s), 0 error(s), 0 left on base; Madawaska Valley HS 14 - Broken Arrow HS 7 |
TOP OF THE 9TH |
Madawaska Valley HS Wolves batting - Pitching for Broken Arrow HS : RHP Donnie Davenport
|
Pitching: LHP Marcus LeClerc
|
|
Batting: SHB Artie Adams
|
0-0: Ball 1-0: Fly out, F7 (Flyball, 7)
|
Batting: SHB Gordon Beatty
|
0-0: Ball 1-0: Foul Ball, location: 2F 1-1: Called Strike 1-2: Fly out, F2 (Popup, 23)
|
Batting: RHB Brandon Little
|
0-0: Called Strike 0-1: SINGLE (Flyball, 8LM)
|
Batting: RHB Leo Snyder
|
0-0: Ball 1-0: Ball 2-0: Ball 3-0: Called Strike 3-1: Base on Balls Brandon Little to second
|
Batting: RHB Bob Colbert
|
0-0: Called Strike 0-1: Ball 1-1: Called Strike 1-2: Ball 2-2: Ball 3-2: Base on Balls Brandon Little to third Leo Snyder to second
|
Batting: RHB Weldon Lott
|
0-0: Reached on error, E9 (Flyball, 9S) Brandon Little scores Leo Snyder scores Bob Colbert to third
|
Batting: RHB Adam Carpenter
|
0-0: Ball 1-0: Ground out 5-3 (Groundball, 56S)
|
Top of the 9th over - 2 run(s), 1 hit(s), 1 error(s), 2 left on base; Madawaska Valley HS 16 - Broken Arrow HS 7 |
BOTTOM OF THE 9TH |
Broken Arrow HS batting - Pitching for Madawaska Valley HS Wolves : RHP Jeremiah Harris
|
Batting: RHB David Adams
|
0-0: Ball 1-0: Foul Ball, location: 2F 1-1: Called Strike 1-2: Ball 2-2: Foul Ball, location: 2F 2-2: Foul Ball, location: 2F 2-2: Strikes out swinging
|
Batting: RHB Ramón Santos
|
0-0: Ball 1-0: Called Strike 1-1: Foul Ball, location: 2F 1-2: Foul Ball, location: 2F 1-2: Ball 2-2: Reached on error, E6 (Groundball, 6)
|
Batting: RHB R.J. Tucker
|
0-0: Ball 1-0: Fly out, F7 (Flyball, 7LMF)
|
Batting: LHB Dennis Montgomery
|
0-0: SINGLE (Line Drive, 7S) Ramón Santos to second
|
Batting: LHB José Esparza
|
0-0: Ball 1-0: Called Strike 1-1: Ball 2-1: Ball 3-1: Called Strike 3-2: Strikes out swinging
|
Bottom of the 9th over - 0 run(s), 1 hit(s), 1 error(s), 2 left on base; Madawaska Valley HS 16 - Broken Arrow HS 7 |
|